Map: Curious Minds LE

Players

TIME (Oliveira) - Winner!

  • Race: Terran Terran

Scarlett

  • Race: Zerg Zerg
  • League: Master

Event: DreamHack SC2 Masters Last Chance 2022

VOD

Have the link to the VOD?

Description

Time

  • Played on: Dec. 19, 2021, 7:11 p.m.
  • Length: 12:44

All games in this series

Show
View Real Time Build Order
Export as new Build Order

TIME Terran - Winner!

Build Orders: Gas First Reaper Expand, Banshee Rush 

Get SALT Encoding   

  12  0:00  SCV  
  13  0:12  SCV  
  14  0:17  Supply Depot  
  14  0:24  SCV  
  14  0:28  Refinery  
  15  0:39  SCV  
  16  0:44  Barracks  
  16  0:51  SCV  
  17  1:03  SCV  
  18  1:15  SCV  
  19  1:31  Reaper, Orbital Command  
  20  1:42  Command Center  
  20  1:54  Factory  
  20  1:57  SCV  
  21  2:06  Barracks Reactor  
  21  2:10  SCV  
  21  2:13  Supply Depot  
  22  2:17  Refinery  
  22  2:27  SCV  
  23  2:41  Factory Tech Lab  
  23  2:43  Marine x2  
  23  2:44  Bunker  
  25  2:46  SCV  
  25  2:51  Starport  
  26  2:58  SCV  
  27  3:11  Hellion, SCV  
  30  3:14  Hellion  
  30  3:15  Orbital Command  
  32  3:21  Marine  
  32  3:24  SCV  
  34  3:34  Hellion  
  36  3:35  Hellion  
  36  3:36  SCV  
  36  3:38  Supply Depot  
  39  3:42  Banshee  
  39  3:44  SCV  
  43  3:50  Cloaking Field  
  43  3:51  SCV  
  43  3:53  Barracks Tech Lab  
  44  3:56  SCV  
  45  4:06  SCV  
  45  4:07  Barracks  
  45  4:08  Factory Reactor  
  46  4:10  Barracks  
  46  4:12  SCV  
  47  4:18  SCV  
  47  4:22  Supply Depot  
  48  4:24  SCV  
  48  4:25  Banshee  
  48  4:30  Marine  
  53  4:33  Stimpack  
  53  4:34  SCV  
  53  4:38  SCV  
  48  4:46  SCV  
  48  4:49  Marine  
  48  4:50  SCV  
  51  4:54  Marine x2  
  51  4:58  Supply Depot, SCV  
  51  4:59  Engineering Bay  
  54  5:02  SCV, Refinery  
  55  5:08  Marine  
  55  5:10  SCV  
  55  5:11  Marine x2  
  59  5:14  SCV  
  59  5:15  Marine x2  
  59  5:19  Starport Reactor  
  59  5:20  Siege Tank  
  65  5:22  SCV  
  65  5:26  Supply Depot  
  65  5:28  Terran Infantry Weapons Level 1  
  66  5:31  SCV  
  66  5:34  Refinery, Marine x2  
  66  5:35  Marine  
  70  5:47  SCV x2, Marine x2  
  74  5:51  Supply Depot x2  
  74  5:52  Marine  
  74  5:55  Siege Tank  
  78  6:12  Medivac x2, Combat Shield, SCV x2, Marine x2  
  78  6:13  Marine  
  78  6:15  Marine  
  88  6:19  Marine  
  88  6:24  SCV x2  
  91  6:30  Siege Tank, Marine  
  92  6:34  Marine  
  92  6:36  Marine  
  94  6:40  Marine  
  92  6:48  Command Center, Marine x2  
  94  7:02  SCV, Marine  
  94  7:10  Barracks  
  94  7:11  Supply Depot x3, Barracks  
  94  7:19  Marine  
  94  7:20  SCV  
  94  7:22  Siege Tank, Marine x2  
  101  7:23  Marauder  
  101  7:28  Marine  
  102  7:33  SCV  
  102  7:34  SCV, Terran Infantry Armor Level 1  
  104  7:37  Armory, Marine  
  104  7:41  Engineering Bay  
  105  7:45  SCV  
  105  7:46  SCV  
  105  7:48  Marine  
  105  7:49  Marauder  
  110  7:55  Medivac x2  
  110  7:57  SCV  
  115  8:00  Siege Tank  
  118  8:06  Orbital Command  
  118  8:07  Barracks Tech Lab x2  
  118  8:10  SCV  
  118  8:11  SCV  
  119  8:15  Marauder  
  119  8:18  Marine x2  
  123  8:20  Marine  
  123  8:22  SCV  
  123  8:25  SCV  
  128  8:27  Marauder  
  128  8:32  Marauder  
  128  8:33  Terran Infantry Weapons Level 2  
  131  8:34  SCV  
  131  8:35  Concussive Shells  
  131  8:36  SCV  
  127  8:43  SCV  
  127  8:53  Marine  
  127  8:54  Marauder x2, Marine x2  
  127  8:55  Siege Tank  
  137  8:56  SCV  
  129  9:06  Marine  
  129  9:09  Marine  
  108  9:10  Medivac x2  
  108  9:11  Marine x2  
  108  9:12  SCV, Marine  
  108  9:16  Marauder x2  
  119  9:19  Barracks  
  119  9:20  Barracks  
  119  9:23  Orbital Command  
  118  9:26  SCV  
  118  9:27  Marauder  
  118  9:28  Marine  
  118  9:29  Marine  
  118  9:31  SCV, Marine  
  118  9:36  Marine  
  118  9:37  Marauder x2  
  118  9:38  SCV, Siege Tank  
  120  9:46  SCV, Marine  
  120  9:48  SCV  
  120  9:52  Marauder, Marine  
  125  9:58  Marine  
  127  10:03  Marauder x2  
  127  10:04  Marine  
  127  10:05  SCV, Marine  
  134  10:10  Supply Depot  
  134  10:13  Terran Infantry Armor Level 2  
  134  10:14  Marauder  
  136  10:19  Siege Tank  
  136  10:20  Supply Depot  
  139  10:22  Supply Depot  
  139  10:24  Barracks Tech Lab x2  
  139  10:25  Marine x2  
  141  10:31  Marine x2  
  141  10:32  Marauder x2  
  141  10:35  Supply Depot  
  147  10:36  Supply Depot  
  147  10:42  Marauder x2  
  147  10:43  Marauder, Marine  
  147  10:46  Medivac  
  147  10:47  Medivac  
  154  10:51  Marine x2  
  154  10:52  Marine  
  154  10:53  Siege Tank  
  160  10:59  Marauder  
  160  11:00  Supply Depot  
  160  11:01  Marauder  
  160  11:02  Supply Depot  
  164  11:05  Marauder  
  164  11:06  Marauder  
  167  11:19  Marauder  
  167  11:20  Marauder  
  167  11:25  Marauder  
  170  11:26  Marauder  
  170  11:31  Marauder, Marine x4  
  178  11:37  Siege Tank  
  177  11:48  Marine x2  
  177  11:49  Marauder x2  
  170  12:06  Marine x2  
  170  12:07  Marauder, Marine x2  
  166  12:09  Medivac  
  166  12:10  Medivac  
  166  12:14  Marine x2  
  166  12:15  Marauder  
  167  12:17  Marine  
  170  12:24  Marine x3  
Show
View Real Time Build Order
Export as new Build Order

Scarlett Zerg 

Build Orders: Pool First 

Get SALT Encoding   

  12  0:00  Drone  
  13  0:12  Overlord  
  13  0:17  Drone  
  14  0:30  Drone x2  
  16  0:39  Spawning Pool  
  15  0:44  Drone  
  15  0:47  Drone  
  17  1:07  Hatchery  
  17  1:10  Drone  
  17  1:26  Zergling x4  
  17  1:27  Zergling x2  
  17  1:29  Queen  
  17  1:31  Extractor  
  21  1:39  Overlord  
  21  1:51  Drone  
  22  2:04  Queen  
  22  2:07  Drone  
  25  2:24  Drone x3  
  25  2:27  Queen  
  29  2:35  Drone x2  
  30  2:41  Drone x3  
  30  2:44  Metabolic Boost  
  32  2:47  Overlord  
  32  2:48  Drone  
  33  3:11  Drone  
  34  3:14  Drone x4  
  34  3:15  Hatchery  
  34  3:18  Drone  
  38  3:20  Drone  
  38  3:21  Overlord  
  38  3:25  Drone  
  38  3:26  Drone  
  41  3:29  Overlord  
  41  3:37  Zergling x2  
  41  3:38  Zergling x4  
  44  3:42  Queen  
  44  3:48  Queen  
  46  3:52  Zergling x8  
  53  3:55  Drone  
  53  3:56  Drone  
  53  3:58  Drone  
  53  4:00  Drone, Extractor  
  55  4:07  Drone  
  55  4:08  Roach Warren  
  55  4:10  Overlord  
  55  4:19  Queen  
  55  4:20  Overlord  
  55  4:22  Drone x2  
  58  4:34  Lair  
  54  4:42  Drone x5  
  57  4:46  Spore Crawler  
  57  4:47  Spore Crawler  
  57  4:50  Zergling x10  
  60  4:56  Spore Crawler  
  60  4:57  Spore Crawler  
  60  4:58  Drone x3  
  61  5:03  Evolution Chamber  
  61  5:05  Evolution Chamber  
  59  5:11  Drone x5  
  64  5:18  Extractor x2  
  62  5:23  Drone x5  
  67  5:32  Drone x3  
  67  5:33  Drone x4  
  67  5:34  Overseer  
  74  5:41  Zerg Ground Armor Level 1  
  74  5:42  Zerg Missile Weapons Level 1  
  74  5:44  Glial Reconstitution  
  74  5:48  Overlord  
  74  5:50  Overlord  
  74  5:52  Drone x2  
  76  5:57  Overlord  
  76  6:01  Roach x3  
  82  6:06  Overlord x2  
  82  6:09  Roach  
  84  6:19  Roach x6  
  94  6:30  Roach x7  
  107  6:35  Drone x2  
  109  6:40  Extractor  
  109  6:44  Roach x5  
  117  6:51  Overlord x4  
  117  6:55  Ravager x3  
  119  7:02  Overlord x2  
  119  7:07  Drone x2  
  119  7:08  Drone x2  
  122  7:09  Extractor  
  121  7:16  Drone x2  
  121  7:18  Drone x5  
  128  7:36  Drone  
  129  7:37  Infestation Pit  
  129  7:38  Hatchery  
  129  7:39  Zerg Missile Weapons Level 2, Zerg Ground Armor Level 2  
  127  7:46  Overlord x2  
  127  7:47  Drone  
  127  7:48  Roach x5  
  138  7:52  Overlord  
  138  7:58  Roach x4  
  138  7:59  Roach  
  148  8:07  Ravager x2  
  150  8:17  Roach x11  
  172  8:21  Roach  
  172  8:25  Ravager x2  
  172  8:26  Drone x3  
  168  8:41  Roach x7  
  168  8:42  Ravager  
  168  8:45  Extractor  
  168  8:47  Ravager  
  178  8:49  Ravager, Extractor  
  178  8:54  Ravager  
  178  8:55  Roach x3  
  174  9:05  Overseer  
  174  9:09  Ravager  
  160  9:20  Infestor x2, Hatchery  
  160  9:23  Hatchery  
  156  9:32  Roach x7  
  170  9:38  Drone x3  
  170  9:42  Extractor  
  170  9:43  Drone  
  170  9:44  Drone x2  
  175  9:54  Overlord x2  
  175  9:55  Hive  
  175  9:56  Roach x5  
  185  10:01  Ravager  
  186  10:14  Ravager  
  186  10:17  Ravager  
  187  10:31  Hydralisk Den, Roach, Zerg Melee Weapons Level 1  
  187  10:32  Roach x5  
  187  10:33  Overseer  
  198  10:42  Extractor  
  194  10:43  Ravager  
  194  10:44  Roach x2  
  194  10:46  Extractor  
  198  11:00  Ravager  
  199  11:08  Lurker Den  
  198  11:14  Ravager  
  199  11:28  Grooved Spines  
  197  11:49  Ravager, Spine Crawler x2  
  197  11:50  Ravager  
  195  11:56  Roach x10  
  173  12:05  Roach x8  
  173  12:06  Roach x7  
  171  12:10  Roach x9  
  171  12:14  Roach x5  
  197  12:17  Roach  
  197  12:20  Ravager x2  
  197  12:21  Ravager  
  197  12:22  Ravager  

Tags
 
Add a new tag
Caveats
  • Supply blocks, unpowered buildings, or Contaminate may cause inaccurate times.
  • Supply counts are checked every 10 seconds.